 Dungeon Crawl Stone Soup version 0.31-a0-1300-gb6740aa4e6 (webtiles) character file.

Game seed: 10338203181455945724

15 MachoJfn the Ducker (level 2, 22/22 HPs)
             Began as a Demonspawn Gladiator on Dec 18, 2023.
             Was a High Priest of Ignis.
             Quit the game on level 1 of the Dungeon.
             The game lasted 00:01:02 (187 turns).

MachoJfn the Ducker (Demonspawn Gladiator)           Turns: 187, Time: 00:01:02

Health: 22/22      AC:  5    Str: 14    XL:     2   Next: 34%
Magic:  2/2        EV: 13    Int:  8    God:    Ignis [*****.]
Gold:   13         SH:  0    Dex: 14    Spells: 1/1 levels left

rFire   + . .        a - +0 war axe
rCold   . . .        (no shield)
rNeg    . . .        b - +0 leather armour
rPois   .            c - +0 helmet
rElec   .            (no cloak)
rCorr   .            g - +0 pair of gloves
SInv    .            (no boots)
Will    .....        (no amulet)
Stlth   +            (no ring)
HPRegen 0.23/turn    (no ring)
MPRegen 0.08/turn

%: no passive effects
@: no status effects
A: sturdy frame 1
a: Renounce Religion, Fiery Armour, Foxfire Swarm, Rising Flame


You were on level 1 of the Dungeon.
You worshipped Ignis.
Ignis was extremely pleased with you.
You visited 1 branch of the dungeon, and saw 1 of its levels.

You collected 13 gold pieces.

Inventory:

Hand Weapons
 a - a +0 war axe (weapon)
Missiles
 d - 3 throwing nets (quivered)
 e - a javelin
Armour
 b - a +0 leather armour (worn)
 c - a +0 helmet (worn)
 g - a +0 pair of gloves (worn)
Potions
 f - a potion of attraction {unknown}


   Skills:
 + Level 2.0 Fighting
 + Level 3.0 Axes
 - Level 1.7 Throwing
 + Level 3.1 Dodging


You had one spell level left.
You didn't know any spells.
Your spell library was empty.

Dungeon Overview and Level Annotations

Branches:
Dungeon (1/15)

Altars:
Ignis


Innate Abilities, Weirdness & Mutations

Your movements are slightly less encumbered by armour. (ER -2)


Message History

There are no items here.
A goblin comes into view. It is wielding a +0 club.
A ball python comes into view.
The goblin shouts!
You hear a loud squeak.
The goblin hits you but does no damage.
You hit the goblin.
The goblin is heavily wounded.
The goblin hits you with a +0 club.
You miss the goblin. You punch the goblin.
You kill the goblin!
The ball python bites you. The ball python barely misses you.
You see here a +0 club.
You slash the ball python!
You kill the ball python!
The goblin hits you but does no damage. The goblin hits you but does no damage.
You see here a ball python corpse.
The goblin barely misses you.
You see here a +0 club.
You hit the goblin.
The goblin is heavily wounded.
The goblin hits you but does no damage.
You closely miss the goblin.
The goblin is heavily wounded.
The goblin barely misses you.
You slash the goblin!
You kill the goblin!
Things that are here:
a +0 club; a goblin corpse
Found a faded altar of an unknown god.
You see here a +0 pair of gloves.
g - a +0 pair of gloves You start putting on your armour.
You continue putting on your +0 pair of gloves. x4
You finish putting on your +0 pair of gloves.
There is a faded altar of an unknown god here.
This altar belongs to (a) Kikubaaqudgha, (b) Ignis or (c) Jiyva, but you can't tell which.
Press the corresponding letter to learn more about a god, or press enter to convert or escape to cancel.
Ignis accepts your prayer! Ignis welcomes you!
Are you sure you want to abandon this character and quit the game? (Confirm with "yes".)

####### ###..@..###
###.........###
..............#
...............
...###.........
.###.#....####.
###...........##
...............####
#
........#..#...##.#
#####


There were no monsters in sight!

Vanquished Creatures
  2 ball pythons (D:1)
  A bat (D:1)
  An endoplasm (D:1)
  A giant cockroach (D:1)
  2 goblins (D:1)
  3 hobgoblins (D:1)
  A kobold (D:1)
  A rat (D:1)
12 creatures vanquished.

Notes
Turn   | Place    | Note
-------+----------+-------------------------------------------
     0 | D:1      | MachoJfn the Demonspawn Gladiator began the quest for the
                  | Orb.
     0 | D:1      | Reached XP level 1. HP: 16/16 MP: 1/1
    43 | D:1      | Gained mutation: Your movements are slightly less
                  | encumbered by armour. (ER -2) [demonic ancestry]
    43 | D:1      | Reached XP level 2. HP: 22/22 MP: 2/2
   172 | D:1      | Found a faded altar of an unknown god.
   186 | D:1      | Prayed at the altar of an unknown god.
   186 | D:1      | Became a worshipper of Ignis, the Dying Flame
   187 | D:1      | Quit the game

Illustrated notes

Levels and vault maps discovered:
D:1:      elethiomel_arrival_infinity_welcomes_careful_drivers, layout_basic,
          hellmonk_ecumenical_altar_zigzags

Skill      XL: |  1 |
---------------+----+-----
Axes           | 3 |  3.0
Dodging        | 3 |  3.1
Fighting       | |  2.0
Throwing       | |  1.7

Action                     || total
---------------------------++-------
  Melee: War axe           ||    20
         Punch             ||     1
 Armour: Leather armour    ||    13
  Dodge: Dodged            ||    11

Table legend: (Time is in decaauts)
 A = Elapsed time spent in this place.
 B = Non-inter-level travel time spent in this place.
 C = Inter-level travel time spent in this place.
 D = Time resting spent in this place.
 E = Time spent auto-exploring this place.
 F = Levels seen in this place.
 G = Mean time per level.
                   A        B        C        D        E       F      G
               +--------+--------+--------+--------+--------+-----+--------+
         Total |    194 |    166 |     28 |      0 |     90 |   1 |  194.0 |
       Dungeon |    194 |    166 |     28 |      0 |     90 |   1 |  194.0 |
               +--------+--------+--------+--------+--------+-----+--------+

Top non-repeatable levels by time:
     D:1: 194 daAuts
